 Dungeon Crawl Stone Soup version 0.28-a0-724-g66f9036eb4 (webtiles) character file.

Game seed: 1256928390256379644

3616 case the Spear-Bearer (level 10, 0/111 HPs)
             Began as a Human Fighter on Oct 26, 2021.
             Was a Follower of Okawaru.
             Slain by a hound (2 damage)
             ... while paralysed by a hornet
             ... on level 9 of the Dungeon.
             The game lasted 00:16:44 (9982 turns).

case the Spear-Bearer (Human Fighter)               Turns: 9982, Time: 00:16:44

Health: 0/111      AC:  8    Str: 16    XL:     10   Next: 32%
Magic:  10/10      EV:  2    Int: 10    God:    Okawaru [*.....]
Gold:   282        SH:  0    Dex: 15    Spells: 9/9 levels left

rFire   . . .      SeeInvis .   a - +0 trident
rCold   + + .      Faith    .   C - +2 kite shield
rNeg    . . .      Spirit   .   f - +2 leather armour {rC+}
rPois   +          Reflect  +   w - +0 helmet
rElec   .          Harm     .   F - +0 cloak {rPois}
rCorr   .          Rampage  .   (no gloves)
Will    .....                   g - +0 pair of boots
Stlth   ..........              e - amulet of reflection
HPRegen 0.28/turn               s - ring of protection from cold
MPRegen 0.12/turn               (no ring)

@: paralysed, berserking, marked
A: no striking features
a: Renounce Religion, Heroism


You were on level 9 of the Dungeon.
You worshipped Okawaru.
Okawaru was aware of your devotion.
You visited 2 branches of the dungeon, and saw 10 of its levels.
You also visited: Bailey.

You collected 375 gold pieces.
You spent 93 gold pieces at shops.

Inventory:

Hand Weapons
 a - a +0 trident (weapon)
Armour
 f - a +2 leather armour of cold resistance (worn)
 g - a +0 pair of boots (worn)
 w - a +0 helmet (worn)
 C - a +2 kite shield (worn)
 F - a +0 cloak of poison resistance (worn)
Jewellery
 e - an amulet of reflection (around neck)
 s - a ring of protection from cold (left hand)
 A - a ring of ice
Wands
 b - a wand of flame (32)
 j - a wand of polymorph (7)
 r - a wand of mindburst (10)
 x - a wand of iceblast (23)
Scrolls
 i - 2 scrolls of blinking
 k - a scroll of fear {unknown}
 l - 2 scrolls of identify
 m - a scroll of silence {unknown}
 n - a scroll of vulnerability {unknown}
 o - 2 scrolls of noise {unknown}
 p - a scroll of enchant armour {unknown}
 q - a scroll of teleportation
 u - a scroll of amnesia {unknown}
 z - a scroll of immolation {unknown}
 B - 2 scrolls of magic mapping {unknown}
 E - a scroll of enchant weapon {unknown}
Potions
 c - a potion of invisibility {unknown}
 d - a potion of magic {unknown}
 t - a potion of flight {unknown}
 v - a potion of lignification {unknown}
 D - 2 potions of curing
 G - a potion of ambrosia {unknown}
 H - a potion of resistance
 I - a potion of might


   Skills:
 - Level 5.0 Fighting
 * Level 11.7 Polearms
 - Level 3.0 Armour
 + Level 7.7 Shields


You had 9 spell levels left.
You didn't know any spells.
Your spell library contained the following spells:

 Spells                   Type           Power      Damage    Failure   Level
 Blade Hands              Tmut           0%         N/A       100%        5
 Irradiate                Conj/Tmut      0%         3d13      100%        5
 Dragon Form              Tmut           0%         N/A       100%        7


Dungeon Overview and Level Annotations

Branches:
Dungeon (9/15)             Temple (1/1) D:6          Bailey (visited)
   Lair: D:8-11         Orc: D:9-12

Altars:
Fedhas
Gozag
Hepliaklqana
Kikubaaqudgha
Nemelex Xobeh
Okawaru
Vehumet
Yredelemnul
Zin

Shops:
D:7 [


Message History

The puff of flame reflects off an invisible shield around you!
The puff of flame hits something.
Okawaru accepts your kill.
Reactivating autopickup.
You feel a bit more experienced.
The orc priest hits you but does no damage.
You barely miss the orc priest.
The orc priest is moderately wounded.
Something hits you.
Deactivating autopickup; reactivate with Ctrl-A.
You block the orc warrior's attack.
You hit the orc priest but do no damage.
The orc priest is moderately wounded.
Your surroundings suddenly seem different.
A hound and a hornet come into view.
The hornet buzzes angrily.
You hear a bark! x2; You hear a howl!
A hound comes into view. x2
Okay, then.
You start resting.
A hound comes into view.
A hound is nearby!
You puncture the hornet!
The hornet is moderately wounded.
A hound comes into view.
You block the hornet's attack.
You hit the hornet.
The hornet is heavily wounded.
The hornet stings you.
* * * LOW HITPOINT WARNING * * *
You barely miss the hornet.
The hornet is heavily wounded.
You block the hornet's attack. The hornet stings you!
* * * LOW HITPOINT WARNING * * *
A red film seems to cover your vision as you go berserk!
You feel yourself moving faster!
You feel mighty! The hornet stings you!
* * * LOW HITPOINT WARNING * * *
You suddenly lose the ability to move!
The hornet stings you but does no damage.
The hound bites you.
You die...

##### ## #.h@#
..
...##hy##.#.#.#
................
...≈.h..........
....≈≈..≈.≈.≈...
.....≈≈≈≈≈≈.≈...
.....≈≈≈≈≈y≈≈≈≈≈
..≈..≈≈≈≈≈h≈≈≈..
..≈≈≈≈≈≈≈≈≈≈≈≈..


You could see a hornet and 3 hounds.

Vanquished Creatures
  A two-headed ogre (D:7)
  2 water moccasins
  2 ice beasts
  2 sky beasts (D:6)
  An ogre (D:6)
  2 centaurs
  2 phantoms
  2 gnoll sergeants
  3 bullfrogs
  5 scorpions
  5 wights (D:8)
  An electric eel (Bailey)
  A bullfrog zombie (D:5)
  6 crimson imps (D:8)
  2 centaur zombies
  5 hounds
  A jelly (D:8)
  5 orc priests
  2 centaur skeletons (D:6)
  4 iguanas
  2 orc wizards
  2 hound skeletons (D:4)
  A howler monkey zombie (D:8)
  10 gnolls
  2 howler monkey skeletons
  5 adders
  A shadow imp (D:7)
  6 white imps
  An ufetubus (D:4)
  4 worms
  A dart slug (D:2)
  18 orcs
  5 endoplasms
  6 giant cockroaches
  12 goblins
  15 hobgoblins
  4 jackals (D:3)
  2 quokkas (D:2)
  8 ball pythons
  4 bats
  4 frilled lizards
  6 kobolds
  11 rats
184 creatures vanquished.

Vanquished Creatures (others)
  A fungus (D:1)
  7 plants
8 creatures vanquished.

Grand Total: 192 creatures vanquished

Notes
Turn   | Place    | Note
-------+----------+-------------------------------------------
     0 | D:1      | case the Human Fighter began the quest for the Orb.
     0 | D:1      | Reached XP level 1. HP: 18/18 MP: 1/1
    75 | D:1      | Reached XP level 2. HP: 19/24 MP: 2/2
   539 | D:1      | You fall into a shaft and drop 1 floor!
   591 | D:2      | Reached XP level 3. HP: 28/29 MP: 3/3
   715 | D:2      | Reached skill level 3 in Polearms
   763 | D:2      | Found a hazy altar of Hepliaklqana.
  1554 | D:1      | Found a faded altar of an unknown god.
  1876 | D:3      | Reached XP level 4. HP: 35/35 MP: 4/4
  1986 | D:3      | Reached skill level 4 in Polearms
  2185 | D:3      | Reached XP level 5. HP: 41/41 MP: 5/5
  2915 | D:4      | Found a sparkling altar of Nemelex Xobeh.
  3108 | D:4      | Reached XP level 6. HP: 29/47 MP: 6/6
  3233 | D:4      | Noticed an ice beast
  3252 | D:4      | Killed an ice beast
  3253 | D:4      | Reached skill level 5 in Polearms
  3316 | D:4      | Found an ancient bone altar of Kikubaaqudgha.
  3536 | D:4      | Reached XP level 7. HP: 52/52 MP: 7/7
  3825 | D:5      | Entered Level 5 of the Dungeon
  3879 | D:4      | Reached skill level 6 in Polearms
  3879 | D:4      | Reached skill level 5 in Shields
  4274 | D:5      | Noticed a water moccasin
  4299 | D:5      | Killed a water moccasin
  4300 | D:5      | Reached skill level 7 in Polearms
  4300 | D:5      | Reached XP level 8. HP: 10/58 MP: 8/8
  5408 | D:5      | Reached skill level 8 in Polearms
  6268 | D:6      | Reached XP level 9. HP: 47/65 MP: 9/9
  6276 | D:6      | Reached skill level 9 in Polearms
  6418 | D:6      | Found a staircase to the Ecumenical Temple.
  6428 | Temple   | Entered the Ecumenical Temple
  6439 | Temple   | Became a worshipper of Warmaster Okawaru
  6970 | D:6      | Found a blossoming altar of Fedhas.
  6974 | D:6      | Found a basalt altar of Yredelemnul.
  7026 | D:6      | Reached skill level 5 in Fighting
  7705 | D:7      | Reached * piety under Okawaru
  7751 | D:7      | Reached skill level 10 in Polearms
  7849 | D:7      | Noticed a two-headed ogre
  7867 | D:7      | Killed a two-headed ogre
  7868 | D:7      | Reached XP level 10. HP: 53/74 MP: 7/10
  8206 | D:7      | Found Sechotzoi's Armour Boutique.
  8224 | D:7      | Bought a +0 cloak of poison resistance for 93 gold pieces
  8424 | D:8      | Reached skill level 11 in Polearms
  8763 | D:8      | Found a flagged portal.
  8777 | Bailey   | Entered a bailey
  9170 | Bailey   | Found an iron altar of Okawaru.
  9170 | Bailey   | Noticed an orc high priest
  9170 | Bailey   | Noticed a kobold demonologist
  9171 | Bailey   | Noticed an ice devil
  9171 | Bailey   | Noticed an ice devil
  9172 | Bailey   | Noticed a sun demon
  9981 | D:9      | HP: 2/111 [hornet (12)]
  9981 | D:9      | Paralysed by a hornet for 3 turns
  9982 | D:9      | Slain by a hound

Illustrated notes

Levels and vault maps discovered:
D:1:      psy_arrival_whirlpool, layout_loops_ring,
          shapermc_ecumenical_altar_petra
D:2:      layout_basic, basic_altar
D:3:      layout_loops_ring
D:4:      layout_rooms, mainiacjoe_overflow_boulevard,
          mainiacjoe_overflow_surrounded_room
D:5:      layout_layer_cave, portal_sewer_entry_e, cheibrodos_gnoll_hut
D:6:      layout_cave_pods, minitemple, minmay_temple_entry_sparse_star
D:7:      layout_loops_ring, serial_shops, shop_fountains, amethyst_killhole
D:8:      layout_cave_pools, enter_bailey_5, minmay_nine_imps
D:9:      layout_roguey, erik_lair_island, small_chamber_with_monster
Temple:   regret_index_temple_mists

Skill      XL: |  1  2  3  4  5  6  7  8  9 10 |
---------------+-------------------------------+-----
Polearms       | 3 4 5 7 8 10 11 | 11.7
Shields        | 4 5 6 7 |  7.7
Fighting       | 4 5 |  5.0
Armour         | |  3.0

Action                   |  1- 3 |  4- 6 |  7- 9 | 10-12 || total
-------------------------+-------+-------+-------+-------++-------
Melee: Trident           |   112 |   162 |   419 |   271 ||   964
Invok: Heroism           |       |       |     1 |     2 ||     3
Evoke: Wand              |       |     1 |     5 |       ||     6
  Use: Potion            |       |     6 |     4 |     3 ||    13
       Scroll            |       |       |     4 |     1 ||     5
 Stab: Sleeping          |       |     1 |       |     1 ||     2
Armor: Scale mail        |    12 |       |       |       ||    12
       Leather armour    |    10 |    32 |    90 |    38 ||   170
Dodge: Dodged            |    24 |    48 |   129 |    59 ||   260
Block: Buckler           |    21 |    49 |   166 |       ||   236
       Reflection        |     1 |       |     9 |    10 ||    20
       Kite shield       |       |       |    48 |   213 ||   261

Table legend: (Time is in decaauts)
 A = Elapsed time spent in this place.
 B = Non-inter-level travel time spent in this place.
 C = Inter-level travel time spent in this place.
 D = Time resting spent in this place.
 E = Time spent auto-exploring this place.
 F = Levels seen in this place.
 G = Mean time per level.
                   A        B        C        D        E       F      G
               +--------+--------+--------+--------+--------+-----+--------+
         Total |   9953 |   9671 |    282 |    690 |   6948 |  11 |  904.8 |
       Dungeon |   9502 |   9230 |    272 |    372 |   6929 |   9 | 1055.8 |
        Temple |     31 |     21 |     10 |      0 |      0 |   1 |   31.0 |
        Bailey |    419 |    419 |      0 |    317 |     19 |   1 |  419.0 |
               +--------+--------+--------+--------+--------+-----+--------+

Top non-repeatable levels by time:
     D:5: 1977 daAuts
     D:6: 1274 daAuts
     D:4: 1191 daAuts
     D:8: 1014 daAuts
     D:3: 1011 daAuts
     D:7: 1007 daAuts
     D:1: 955 daAuts
     D:2: 926 daAuts
  Bailey: 419 daAuts
     D:9: 143 daAuts
  Temple: 31 daAuts
